 Dungeon Crawl Stone Soup version 0.20-a0-903-g7e3609c (webtiles) character file.

2076 M4edhros the Covert (level 9, -17/54 HPs)
             Began as an Octopode Artificer on Mar 21, 2017.
             Was a Believer of Okawaru (penitent).
             Demolished by a minotaur (30 damage)
             ... created by the fury of Okawaru
             ... on level 8 of the Dungeon.
             The game lasted 00:14:21 (5363 turns).

M4edhros the Covert (Octopode Artificer)            Turns: 5363, Time: 00:14:22

Health: -17/54     AC:  1    Str: 13    XL:     9   Next: 26%
Magic:  20/23      EV: 14    Int: 14    God:    Okawaru [*]
Gold:   564        SH:  7    Dex: 19    Spells: 12/15 levels left

rFire    . . .     SeeInvis .   G - +0 whip (venom)
rCold    . . .     Gourm    .   H - +2 buckler
rNeg     . . .     Faith    .   (helmet restricted)
rPois    .         Spirit   .   (no amulet)
rElec    .         Reflect  .   A - +2 ring of dexterity
rCorr    .         Harm     .   C - ring of fire
MR       .....                  M - ring of magical power
Stlth    ++++++....             i - ring of ice
Regen    0.2/turn               (no ring)
MPRegen  0.2/turn               (no ring)
                                (no ring)
                                (no ring)

@: no status effects
A: almost no armour, stealthy swim, amphibious, 8 rings, constrict 8, camouflage
1, agile 1, strong 1, gelatinous body 1, evolution 1, MP-powered wands
a: Renounce Religion


You were on level 8 of the Dungeon.
You worshipped Okawaru.
Okawaru was demanding penance.
You were hungry.

You visited 1 branch of the dungeon, and saw 8 of its levels.

You collected 629 gold pieces.
You spent 65 gold pieces at shops.

Inventory:

Hand Weapons
 a - a +0 short sword
 s - a +0 hunting sling
 G - a +0 whip of venom (weapon)
 N - a +2 dagger of speed
Missiles
 k - 245 stones (quivered)
 v - 41 sling bullets
Armour
 h - a +0 shield
 H - a +2 buckler (worn)
Jewellery
 i - a ring of ice (on tentacle)
 A - a +2 ring of dexterity (left tentacle)
 C - a ring of fire (right tentacle)
 M - a ring of magical power (on tentacle)
Wands
 b - a wand of flame (3/48)
 c - a wand of enslavement (9/24)
 d - a wand of random effects (14/48)
 g - a wand of iceblast (3/15)
 I - a wand of polymorph (0/24)
Scrolls
 l - 3 scrolls of magic mapping {unknown}
 n - 7 scrolls of remove curse
 w - 4 scrolls of teleportation {unknown}
 x - a scroll of immolation {unknown}
 y - a scroll of enchant weapon {unknown}
 z - a scroll of fear {unknown}
 B - a scroll of noise {unknown}
 E - 5 scrolls of identify
 J - a scroll of fog {unknown}
 L - a scroll of random uselessness {unknown}
 O - a scroll of recharging {unknown}
Potions
 e - 2 potions of might {unknown}
 j - a potion of berserk rage
 m - a potion of curing
 o - 2 potions of lignification
 p - 3 potions of ambrosia
 t - 2 potions of magic {unknown}
 F - 3 potions of heal wounds
 K - a potion of haste {unknown}
 P - a potion of brilliance {unknown}
Books
 q - a book of Misfortune

   Spells                             Type                      Level
   a - Confusing Touch                Hexes                        1
   b - Confuse                        Hexes                        3
   c - Gell's Gravitas                Translocation                3
   d - Petrify                        Transmutation/Earth          4
   e - Metabolic Englaciation         Hexes/Ice                    5
   f - Yara's Violent Unravelling     Hexes/Transmutation          5
Comestibles
 f - 7 bread rations
 r - 2 meat rations
 u - 8 fruits
 D - 3 royal jellies


   Skills:
 + Level 2.0 Fighting
 - Level 1.0 Short Blades
 * Level 6.4 Slings
 + Level 2.6 Dodging
 + Level 10.1 Stealth
 + Level 1.5 Shields
 + Level 3.8 Spellcasting
 + Level 4.0 Hexes
 - Level 3.2 Evocations


You had 12 spell levels left.
You knew the following spells:

 Your Spells              Type           Power        Failure   Level  Hunger
a - Confuse               Hex            ##......     21%         3    ###....


Dungeon Overview and Level Annotations

Branches:
Dungeon (8/15)             Temple (0/1) D:6
   Lair: D:8-11

Altars:
Makhleb
Nemelex Xobeh
Okawaru
Qazlal
Uskayaw
The Shining One

Shops:
D:4 [   D:5 !

Annotations:
D:4 Aksej's ghost, novice DsGl


Innate Abilities, Weirdness & Mutations

You cannot wear most types of armour.
You are very stealthy in the water. (Stealth+)
You are amphibious.
You can wear up to eight rings at the same time.
You can use your tentacles to constrict eight enemies at once.
Your skin changes colour to match your surroundings (Stealth+).
Your rubbery body absorbs attacks. (AC +1, EV +1)
You are agile. (Dex +2)
Your muscles are strong. (Str +2)
You evolve.
You expend magic power (3 MP) to strengthen your wands.


Message History

The minotaur misses you.
The merfolk hits you from afar with an enchanted trident!
* * * LOW HITPOINT WARNING * * *
Unknown command.
Okay, then.
Okay, then.
Okay, then.
You feel much better.
The merfolk javelineer closely misses you.
You block the minotaur's attack. The minotaur gores you.
Evoke which item? (* to show all) (? for menu, Esc to quit)
Aiming: Enslavement
Press: ? - help, Shift-Dir - straight line, f - minotaur
Aim: a minotaur (durably summoned, chance to defeat MR: 28%)
The minotaur easily resists.
This wand has 9 charges left.
The merfolk hits you from afar with an enchanted trident!
* * * LOW HITPOINT WARNING * * *
The minotaur hits you!!
Ouch! That really hurt!
You die...

####. ...... ...
#####.m...# ...#
...+...#m....+
.y.#+##+#
...##.@......#
......#.##...
#.H....###
......#...... #m.....#
......#...# #......#
..........#####...#..#
..................#....
.....#............#
....
..####............#
....
..#...##..........#


You could see a merfolk javelineer, a minotaur and 2 merfolk.

Vanquished Creatures
  The ghost of Mulkerokala the Changer, a novice OpTm of Okawaru (D:6)
  The ghost of Banto the Poker, an amateur DsGl (D:3)
  An ice beast (D:7)
  A black bear (D:6)
  A sky beast (D:7)
  An ogre (D:6)
  2 centaurs
  A big kobold (D:7)
  2 bullfrogs (D:6)
  A water moccasin skeleton (D:6)
  2 scorpions
  2 howler monkeys
  A crimson imp (D:7)
  5 hounds
  An orc priest (D:5)
  2 worker ants
  3 iguanas
  Natasha (D:3)
  3 orc wizards
  A howler monkey skeleton (D:7)
  3 adders
  A worm (D:3)
  13 dart slugs
  4 leopard geckos
  16 orcs
  A ball python (D:1)
  9 bats
  5 giant cockroaches
  6 goblins
  7 hobgoblins
  8 jackals
  18 kobolds
  3 quokkas
  3 frilled lizards
  2 leopard gecko skeletons (D:5)
  A quokka zombie (D:6)
  7 rats
140 creatures vanquished.

Vanquished Creatures (collateral kills)
  An ogre (D:7)
  4 orcs
  A hobgoblin (D:3)
6 creatures vanquished.

Vanquished Creatures (others)
  Natasha (twice) (D:3)
  An orc (D:6)
3 creatures vanquished.

Grand Total: 149 creatures vanquished

Notes
Turn   | Place    | Note
-------+----------+-------------------------------------------
     0 | D:1      | M4edhros the Octopode Artificer began the quest for the Orb.
     0 | D:1      | Reached XP level 1. HP: 13/13 MP: 3/3
   102 | D:2      | Reached skill level 2 in Stealth
   174 | D:3      | Noticed Natasha
   196 | D:3      | Noticed Banto's ghost (amateur DsGl)
   210 | D:3      | Your ally died
   211 | D:3      | Killed Banto's ghost
   211 | D:3      | Reached skill level 6 in Stealth
   211 | D:3      | Reached XP level 2. HP: 13/18 MP: 4/4
   211 | D:3      | Reached XP level 3. HP: 16/23 MP: 5/5
   211 | D:3      | Reached XP level 4. HP: 20/28 MP: 6/6
   431 | D:4      | Reached skill level 7 in Stealth
   431 | D:4      | Reached XP level 5. HP: 30/33 MP: 7/7
   525 | D:4      | Found an iron altar of Okawaru.
   544 | D:4      | Became a worshipper of Warmaster Okawaru
  1653 | D:2      | Reached skill level 1 in Slings
  1965 | D:2      | Found a hide-covered altar of Uskayaw.
  1965 | D:2      | Found a glowing golden altar of the Shining One.
  2143 | D:2      | Found a faded altar of an unknown god.
  2302 | D:3      | Noticed Natasha
  2317 | D:3      | Reached XP level 6. HP: 20/38 MP: 8/8
  2332 | D:3      | Your ally died
  2498 | D:3      | Noticed Natasha
  2508 | D:3      | Killed Natasha
  2523 | D:3      | Reached skill level 8 in Stealth
  2590 | D:4      | Noticed Aksej's ghost (novice DsGl)
  2631 | D:4      | Found Baqoit's Armour Boutique.
  2855 | D:4      | Learned a level 3 spell: Confuse
  2895 | D:5      | Entered Level 5 of the Dungeon
  3030 | D:5      | Reached XP level 7. HP: 43/43 MP: 9/9
  3111 | D:5      | Reached skill level 1 in Hexes
  3118 | D:5      | Reached skill level 1 in Spellcasting
  3227 | D:5      | Reached * piety under Okawaru
  3303 | D:5      | Found Xill's Distillery.
  3310 | D:5      | Bought a potion of heal wounds for 65 gold pieces
  3445 | D:5      | Found a burning altar of Makhleb.
  3445 | D:5      | Found a stormy altar of Qazlal.
  3450 | D:5      | Found a faded altar of an unknown god.
  3452 | D:5      | Found a faded altar of an unknown god.
  3454 | D:5      | Found a sparkling altar of Nemelex Xobeh.
  3677 | D:6      | Found a staircase to the Ecumenical Temple.
  4059 | D:6      | Reached skill level 9 in Stealth
  4059 | D:6      | Reached XP level 8. HP: 30/48 MP: 11/11
  4364 | D:6      | Noticed Mulkerokala's ghost (novice OpTm)
  4375 | D:6      | Killed Mulkerokala's ghost
  4375 | D:6      | Reached ** piety under Okawaru
  4375 | D:6      | Reached skill level 5 in Slings
  4604 | D:7      | Reached XP level 9. HP: 37/53 MP: 14/14
  4611 | D:7      | Gained mutation: You evolve. [mutagenic meat]
  4612 | D:7      | Gained mutation: Your muscles are strong. (Str +2) [mutagenic meat]
  4613 | D:7      | Gained mutation: You are agile. (Dex +2) [mutagenic meat]
  4614 | D:7      | Gained mutation: You expend magic power (3 MP) to strengthen your wands. [mutagenic meat]
  4701 | D:7      | Reached skill level 1 in Shields
  4717 | D:7      | Reached skill level 10 in Stealth
  4718 | D:7      | Was placed under penance by Okawaru
  5015 | D:7      | Noticed an orc knight
  5015 | D:7      | Noticed a cyclops
  5338 | D:8      | Noticed a hornet
  5360 | D:8      | Noticed a merfolk javelineer
  5360 | D:8      | Noticed a merfolk
  5360 | D:8      | Noticed a merfolk
  5360 | D:8      | Noticed a minotaur
  5363 | D:8      | Demolished by a minotaur

Vault maps used:
D:1:      dpeg_arrival_concentric_ovals, hangedman_feature_mirror
D:2:      gammafunk_temple_overflow_pools, chequers_ecumenical_altar_grove,
          minmay_split_cup_large
D:3:      first_bread, uniq_natasha
D:4:      serial_shops, shop, okawaru_altar_gauntlet_db
D:5:      kennysheep_slugbush, chequers_temple_overflow_minitemple,
          serial_shops, shop
D:6:      minmay_temple_entry_grid
D:7:      uniq_joseph, uniq_crazy_yiuf_cottage

Skill      XL: |  1  2  3  4  5  6  7  8  9 |
---------------+----------------------------+-----
Stealth        | 6 7 8 9 10 | 10.1
Slings         | 1 3 4 6 |  6.4
Hexes          | 2 3 4 |  4.0
Spellcasting   | 2 3 |  3.8
Shields        | 1 |  1.5
Fighting       | 2 |  2.0
Short Blades   | |  1.0
Dodging        | |  2.6
Evocations     | |  3.2

Action                   |  1- 3 |  4- 6 |  7- 9 || total
-------------------------+-------+-------+-------++-------
Melee: Short sword       |    12 |   141 |       ||   153
       Constrict         |     3 |    40 |    45 ||    88
       Tentacles         |       |    23 |    47 ||    70
       Whip              |       |     1 |   141 ||   142
 Fire: Hunting sling     |       |    20 |       ||    20
Evoke: Wand              |     6 |     3 |    16 ||    25
  Use: Scroll            |       |     5 |     1 ||     6
       Potion            |       |       |     3 ||     3
 Stab: Sleeping          |       |    18 |    15 ||    33
       Distracted        |       |     1 |       ||     1
       Betrayed ally     |       |       |     1 ||     1
  Eat: Bread ration      |       |     1 |       ||     1
       Chunk             |       |     2 |    11 ||    13
Armor: Skin              |     2 |    12 |     4 ||    18
Dodge: Dodged            |     9 |   108 |    75 ||   192
Block: Buckler           |       |       |    38 ||    38
